Map: [ESL] Alcyone

Players

VITSolar (Solar) - Winner!

  • Race: Zerg Zerg
  • League: Master
  • Spawn Location: 1:00

Harstem

  • Race: Protoss Protoss
  • League: Master
  • Spawn Location: 7:00

Event: Bellum Gens Elite Stara Zagora 2024

VOD

Have the link to the VOD?

Description

Time

  • Played on: Sept. 7, 2024, 1:08 p.m.
  • Length: 18:32

All games in this series

Show
View Real Time Build Order
Export as new Build Order

VITSolar Zerg - Winner!

Build Orders: Hatch First 

Get SALT Encoding   

  12  0:00  Drone  
  13  0:12  Overlord  
  13  0:17  Drone  
  14  0:31  Drone x2  
  16  0:49  Hatchery  
  15  0:52  Drone  
  15  0:56  Drone  
  17  0:59  Drone  
  18  1:10  Extractor  
  17  1:14  Spawning Pool  
  17  1:17  Drone  
  17  1:21  Drone  
  18  1:28  Drone  
  19  1:39  Drone  
  20  1:49  Overlord  
  20  2:01  Queen  
  20  2:03  Queen  
  20  2:07  Zergling x2  
  25  2:10  Zergling x2  
  25  2:14  Metabolic Boost  
  26  2:17  Drone  
  26  2:19  Drone  
  26  2:22  Drone  
  29  2:30  Zergling x2  
  29  2:35  Zergling x2  
  31  2:41  Hatchery  
  30  2:46  Queen  
  32  2:52  Overlord  
  32  2:53  Drone  
  32  2:55  Drone  
  34  2:58  Zergling x2  
  34  3:00  Drone  
  36  3:09  Queen  
  36  3:11  Drone x4  
  42  3:13  Zergling x2  
  42  3:15  Zergling x2  
  42  3:17  Overlord  
  44  3:28  Overlord  
  44  3:35  Queen  
  44  3:39  Drone x4  
  49  3:43  Drone x2  
  49  3:46  Drone  
  49  3:47  Drone  
  49  3:48  Queen  
  52  3:53  Spore Crawler  
  52  3:55  Queen  
  55  4:00  Drone  
  55  4:04  Extractor  
  55  4:05  Roach Warren  
  55  4:06  Drone x3  
  55  4:11  Queen  
  55  4:12  Zergling x6  
  55  4:14  Spore Crawler  
  59  4:18  Overlord  
  59  4:19  Overlord  
  59  4:21  Zergling x2  
  60  4:25  Zergling x6  
  60  4:29  Overlord  
  60  4:30  Overlord  
  63  4:36  Overlord  
  63  4:45  Roach x3  
  69  4:51  Roach  
  69  4:52  Roach x4  
  77  4:53  Roach  
  77  4:58  Roach  
  77  5:02  Zergling x10  
  77  5:05  Zergling x4  
  84  5:07  Zergling x2  
  84  5:12  Ravager  
  86  5:15  Zergling x4  
  88  5:23  Zergling x2, Ravager  
  88  5:24  Zergling x8  
  88  5:27  Overlord x2  
  94  5:30  Zergling x4  
  96  5:37  Ravager  
  96  5:39  Zergling x2  
  96  5:40  Overlord  
  98  5:44  Overlord  
  98  5:49  Zergling x14  
  102  5:54  Zergling x4  
  94  5:59  Zergling x8, Ravager  
  91  6:05  Zergling x4  
  91  6:06  Lair  
  88  6:12  Zergling x2  
  88  6:17  Zergling x16  
  90  6:23  Zergling x2  
  82  6:26  Roach  
  82  6:27  Roach x2  
  82  6:31  Drone x2  
  86  6:33  Drone  
  86  6:38  Ravager  
  88  6:40  Ravager  
  88  6:41  Drone x2  
  88  6:43  Hatchery  
  88  6:45  Drone x3  
  88  6:46  Drone  
  94  6:49  Drone  
  94  6:53  Drone x2  
  92  6:55  Drone x2  
  83  7:03  Drone x3  
  83  7:04  Queen  
  88  7:10  Glial Reconstitution  
  88  7:13  Extractor  
  88  7:14  Extractor  
  88  7:15  Drone x4  
  90  7:16  Drone x3  
  90  7:17  Extractor  
  90  7:18  Drone x2  
  90  7:21  Overlord  
  94  7:23  Drone x2  
  94  7:28  Roach x5  
  106  7:30  Overseer  
  106  7:34  Evolution Chamber  
  106  7:35  Drone  
  106  7:36  Drone  
  106  7:37  Drone  
  108  7:42  Baneling Nest  
  106  7:44  Zergling x8  
  106  7:47  Zergling x2  
  111  7:53  Zergling x14  
  111  7:55  Drone x2, Queen  
  122  8:02  Roach x2  
  122  8:04  Drone  
  122  8:05  Zerg Melee Weapons Level 1  
  126  8:06  Drone  
  126  8:12  Roach x4  
  135  8:21  Roach x2  
  135  8:22  Zergling x4  
  135  8:24  Roach  
  135  8:25  Hatchery, Zergling x2  
  143  8:27  Overlord  
  143  8:30  Overlord  
  143  8:36  Centrifugal Hooks  
  143  8:37  Drone  
  143  8:40  Overlord  
  144  8:41  Overlord  
  143  8:52  Zergling x4  
  143  8:53  Zergling x28  
  158  8:59  Roach  
  158  9:02  Roach  
  155  9:11  Zergling x12, Roach x3  
  155  9:14  Baneling x9  
  167  9:20  Zergling x4  
  167  9:22  Overlord  
  163  9:25  Zergling x8  
  166  9:32  Overlord  
  166  9:33  Ravager x2  
  166  9:36  Baneling x16  
  168  9:43  Zergling x16  
  171  9:46  Baneling x4  
  171  9:47  Baneling x4  
  171  9:50  Zergling x6  
  170  9:52  Zergling x2  
  170  9:53  Zergling x2  
  170  9:55  Zergling x2  
  170  9:56  Zergling x6  
  170  9:59  Drone x2, Zerg Missile Weapons Level 1  
  176  10:01  Zergling x4  
  176  10:04  Zergling x4  
  176  10:07  Zergling x6  
  177  10:10  Overlord  
  177  10:12  Baneling x5  
  177  10:13  Ravager x2  
  178  10:15  Baneling x4  
  158  10:29  Zergling x28  
  158  10:30  Zergling x2  
  158  10:31  Zergling x2  
  168  10:40  Roach x4  
  168  10:42  Zergling x10  
  163  10:44  Ravager x5  
  163  10:49  Roach x3  
  171  10:52  Zergling x6  
  171  10:54  Zergling x2  
  171  10:55  Zergling x4, Overseer  
  174  11:01  Baneling x4  
  174  11:02  Drone x5  
  177  11:05  Zergling x2  
  177  11:06  Zergling x6  
  177  11:10  Zergling x4  
  183  11:12  Baneling x5  
  183  11:17  Zergling x8  
  174  11:26  Zergling x22  
  174  11:28  Overlord  
  171  11:40  Zergling x6  
  171  11:41  Zergling x12  
  175  11:48  Zergling x6  
  175  11:51  Drone  
  175  11:52  Baneling x14  
  179  11:54  Zergling x6  
  179  11:55  Ravager  
  179  11:59  Zergling x10  
  187  12:05  Zergling x8  
  186  12:11  Hatchery, Roach  
  186  12:12  Roach  
  186  12:13  Zerg Melee Weapons Level 2  
  186  12:14  Drone  
  189  12:17  Drone  
  189  12:18  Zergling x2  
  179  12:23  Zergling x18  
  179  12:24  Zergling x8  
  186  12:31  Roach x2  
  186  12:32  Ravager  
  186  12:34  Zergling x6  
  186  12:36  Baneling  
  186  12:37  Baneling x14  
  193  12:39  Zergling x2  
  193  12:45  Zergling x8  
  193  12:50  Roach x3  
  193  12:51  Zergling x12, Ravager  
  178  12:59  Roach x5  
  178  13:03  Zergling x8  
  173  13:08  Roach x2  
  167  13:20  Zergling x22  
  167  13:26  Zergling x10  
  167  13:27  Zergling x2  
  162  13:31  Zergling x6  
  150  13:39  Roach x5  
  151  13:46  Roach x2  
  148  13:50  Roach x3  
  148  13:56  Baneling x17  
  148  13:57  Baneling x4  
  148  14:01  Zergling x8  
  151  14:06  Drone x3  
  151  14:07  Zergling x4  
  151  14:09  Ravager  
  156  14:10  Ravager  
  156  14:13  Roach x2  
  144  14:20  Roach x4  
  144  14:23  Roach x2  
  142  14:26  Ravager  
  142  14:27  Zergling x6  
  142  14:28  Ravager  
  147  14:32  Zergling x8  
  147  14:37  Zergling x2  
  149  14:42  Zergling x8  
  149  14:43  Zergling x2  
  154  14:46  Zergling x2  
  154  14:50  Roach  
  154  14:51  Roach x2  
  153  14:53  Ravager  
  153  14:58  Roach x2  
  142  15:01  Zergling x24  
  137  15:08  Roach x3  
  137  15:13  Roach x2  
  133  15:15  Zergling x4  
  122  15:21  Roach x2  
  122  15:22  Roach x4  
  122  15:26  Zergling x2  
  122  15:27  Zergling x10  
  135  15:29  Zergling x2  
  135  15:33  Drone x2  
  136  15:36  Roach  
  136  15:38  Zerg Missile Weapons Level 2  
  136  15:39  Zergling x6  
  141  15:42  Baneling  
  141  15:43  Baneling x10  
  141  15:44  Ravager  
  141  15:46  Zergling x4  
  142  15:51  Roach x3  
  142  15:54  Zergling x6, Ravager  
  142  15:55  Ravager  
  142  15:56  Zergling x2  
  142  15:57  Zergling x2  
  154  15:59  Zergling x2  
  154  16:00  Zergling x4  
  154  16:04  Zergling x8  
  158  16:05  Zergling x2  
  149  16:21  Zergling x10, Roach x7  
  156  16:26  Ravager  
  156  16:27  Zergling x2  
  156  16:28  Zergling x10  
  156  16:31  Ravager  
  157  16:33  Baneling x7  
  157  16:34  Zergling x6  
  157  16:38  Zergling x4  
  161  16:42  Zergling x10  
  161  16:53  Roach x7  
  158  16:59  Roach x3  
  158  17:00  Zergling x2  
  145  17:05  Roach x3  
  145  17:07  Zergling x6  
  147  17:10  Zergling x4  
  147  17:14  Ravager  
  147  17:15  Ravager x2  
  149  17:16  Zergling x8  
  149  17:19  Queen  
  156  17:24  Ravager  
  156  17:25  Zergling x2, Extractor  
  156  17:26  Zergling x6  
  159  17:32  Zergling x2, Roach x3  
  159  17:33  Extractor  
  161  17:40  Zergling x6  
  161  17:43  Zergling x6  
  164  17:49  Roach  
  164  17:50  Roach x2  
  153  17:55  Roach x3  
  153  17:56  Zergling x6  
  161  17:59  Baneling x7  
  161  18:01  Zergling x2  
  161  18:02  Zergling x2  
  156  18:23  Ravager  
Show
View Real Time Build Order
Export as new Build Order

Harstem Protoss 

Build Orders: 1 Gate Expand, Oracle Opening, Blink Stalkers 

Get SALT Encoding   

  12  0:00  Probe  
  13  0:12  Probe  
  14  0:17  Pylon  
  14  0:24  Probe  
  15  0:29  Assimilator  
  15  0:36  Probe (Chrono Boost)  
  16  0:46  Gateway, Probe (Chrono Boost)  
  17  0:51  Probe (Chrono Boost)  
  18  1:03  Probe  
  19  1:15  Probe  
  20  1:22  Nexus  
  20  1:34  Cybernetics Core  
  20  1:35  Probe  
  20  1:39  Assimilator  
  21  1:47  Probe  
  21  1:50  Pylon  
  22  1:59  Probe  
  23  2:08  Adept (Chrono Boost)  
  23  2:11  Warp Gate, Probe (Chrono Boost)  
  26  2:21  Probe (Chrono Boost)  
  26  2:22  Stargate  
  27  2:27  Probe (Chrono Boost)  
  28  2:31  Adept  
  28  2:34  Probe (Chrono Boost)  
  31  2:43  Probe x2 (Chrono Boost)  
  33  2:48  Probe (Chrono Boost)  
  33  2:50  Probe  
  35  3:00  Probe  
  35  3:02  Probe  
  37  3:06  Nexus  
  37  3:10  Oracle (Chrono Boost)  
  37  3:12  Probe  
  38  3:15  Probe  
  42  3:20  Pylon  
  42  3:24  Probe  
  43  3:27  Probe  
  43  3:28  Gateway  
  43  3:33  Twilight Council  
  44  3:36  Probe  
  44  3:39  Probe  
  44  3:48  Probe  
  44  3:50  Assimilator  
  44  3:51  Probe  
  46  3:58  Blink (Chrono Boost)  
  46  4:00  Adept, Probe  
  49  4:03  Probe, Pylon  
  50  4:11  Gateway  
  50  4:13  Gateway  
  50  4:18  Probe x2  
  50  4:19  Probe  
  50  4:21  Stalker  
  50  4:22  Stalker  
  57  4:27  Pylon  
  57  4:30  Probe x2  
  57  4:31  Probe  
  60  4:36  Pylon  
  60  4:42  Probe x2  
  60  4:43  Probe  
  63  4:46  Stalker x2  
  67  4:54  Probe x2  
  67  4:55  Probe  
  68  5:01  Pylon  
  68  5:05  Stalker  
  68  5:06  Probe x2  
  72  5:09  Shield Battery, Stalker x2  
  76  5:15  Shield Battery  
  76  5:16  Oracle (Chrono Boost)  
  76  5:18  Stalker, Shield Battery  
  81  5:24  Probe  
  81  5:25  Probe  
  81  5:26  Pylon  
  84  5:28  Shield Battery  
  84  5:30  Stalker  
  84  5:32  Stalker  
  87  5:38  Probe x2  
  87  5:39  Pylon  
  87  5:40  Assimilator, Probe  
  90  5:43  Stalker  
  92  5:53  Stalker  
  91  5:59  Probe  
  91  6:00  Stalker x2  
  91  6:06  Probe  
  91  6:07  Stalker  
  91  6:09  Probe  
  91  6:10  Shield Battery  
  91  6:12  Probe, Pylon  
  91  6:15  Forge  
  91  6:16  Gateway  
  90  6:19  Stalker  
  90  6:20  Gateway  
  90  6:24  Sentry  
  90  6:27  Stalker  
  90  6:29  Probe  
  95  6:33  Probe x2 (Chrono Boost)  
  95  6:35  Assimilator  
  95  6:38  Assimilator  
  95  6:41  Probe (Chrono Boost)  
  95  6:42  Pylon  
  95  6:45  Stalker x2  
  102  6:47  Zealot  
  102  6:50  Probe x2 (Chrono Boost)  
  102  6:53  Probe (Chrono Boost)  
  102  7:00  Oracle (Chrono Boost), Stalker  
  97  7:01  Probe  
  97  7:04  Probe  
  97  7:07  Gateway  
  102  7:09  Gateway  
  102  7:11  Stalker x3, Zealot, Photon Cannon  
  110  7:16  Protoss Ground Weapons Level 1 (Chrono Boost)  
  110  7:17  Pylon  
  110  7:18  Charge  
  110  7:21  Zealot  
  112  7:25  Zealot, Phoenix  
  114  7:33  Pylon  
  114  7:35  Shield Battery  
  114  7:38  Zealot x4  
  114  7:42  Templar Archives  
  122  7:45  Zealot x2  
  126  7:52  Probe  
  126  7:57  Probe  
  128  7:59  Nexus, Pylon  
  128  8:01  Pylon  
  127  8:07  Probe  
  127  8:08  Phoenix (Chrono Boost)  
  130  8:13  Probe  
  130  8:15  Shield Battery  
  130  8:17  Probe  
  130  8:19  Probe  
  133  8:21  High Templar x3  
  133  8:22  High Templar  
  133  8:25  Archon x2  
  133  8:26  Probe, Psionic Storm  
  142  8:29  Probe  
  142  8:31  Probe  
  144  8:35  Robotics Facility  
  144  8:38  Probe  
  145  8:41  Probe  
  145  8:44  Photon Cannon  
  145  8:47  Zealot x4, Shield Battery  
  145  8:48  Assimilator  
  152  8:53  Assimilator  
  152  8:54  Probe  
  149  8:58  Shield Battery, High Templar x2  
  150  9:05  Zealot x2  
  154  9:14  High Templar x2  
  158  9:19  Probe  
  158  9:20  Probe x2  
  158  9:21  Probe  
  158  9:23  Pylon  
  156  9:24  Pylon  
  156  9:25  Pylon  
  156  9:27  Protoss Ground Weapons Level 2 (Chrono Boost)  
  156  9:29  Forge  
  152  9:31  Probe  
  152  9:33  High Templar  
  152  9:34  Probe  
  156  9:41  Stalker x5  
  156  9:52  Photon Cannon  
  156  9:54  Photon Cannon  
  156  9:57  Zealot x3, Pylon  
  162  10:02  Pylon  
  162  10:06  Immortal (Chrono Boost)  
  162  10:07  Pylon  
  152  10:10  High Templar x2  
  152  10:11  High Templar  
  152  10:12  High Templar  
  164  10:15  Photon Cannon  
  164  10:16  Archon x2, Photon Cannon  
  164  10:20  Zealot x4  
  160  10:29  Probe  
  155  10:42  Stalker x4  
  153  10:45  Immortal (Chrono Boost)  
  153  10:47  Probe  
  158  10:51  Protoss Shields Level 1 (Chrono Boost)  
  152  10:58  Protoss Air Weapons Level 1 (Chrono Boost), High Templar x2  
  152  11:03  Zealot x2  
  160  11:05  Probe  
  160  11:08  Pylon  
  160  11:10  Zealot x4  
  169  11:28  Shield Battery  
  169  11:30  High Templar x2  
  173  11:36  Archon  
  156  11:41  Zealot x4  
  156  11:42  Zealot x2  
  156  11:45  Immortal (Chrono Boost)  
  168  11:50  Probe  
  168  11:52  Probe  
  168  11:54  Gateway  
  168  11:55  Gateway  
  168  11:56  Photon Cannon  
  168  12:00  Photon Cannon  
  160  12:01  Gateway  
  154  12:11  Zealot x7  
  154  12:12  Immortal (Chrono Boost)  
  168  12:35  Protoss Ground Weapons Level 3 (Chrono Boost), High Templar x3  
  168  12:36  High Templar  
  176  12:40  Zealot  
  174  12:46  Immortal (Chrono Boost)  
  174  12:55  Archon x2  
  154  13:00  Zealot x5  
  148  13:08  Probe  
  148  13:12  Probe  
  150  13:13  Probe  
  150  13:15  Protoss Shields Level 2 (Chrono Boost)  
  150  13:17  High Templar x5, Immortal (Chrono Boost)  
  133  13:27  Zealot x5  
  133  13:28  Zealot  
  105  13:50  Zealot x4, Immortal (Chrono Boost)  
  111  13:56  High Templar x3  
  111  13:57  High Templar  
  111  14:00  Archon  
  119  14:04  Archon  
  119  14:05  High Templar x2  
  123  14:15  Archon  
  123  14:16  Archon  
  123  14:17  Archon  
  115  14:22  Zealot x4  
  115  14:23  Nexus  
  115  14:27  Probe  
  116  14:33  High Templar x3  
  116  14:34  High Templar x2  
  126  14:39  Zealot x2  
  126  14:42  Immortal  
  129  14:53  Zealot x2  
  129  14:54  Zealot  
  129  14:58  Zealot  
  131  15:06  Zealot x4  
  125  15:13  Zealot x3  
  121  15:19  Immortal (Chrono Boost)  
  117  15:22  Archon x2, High Templar x2  
  117  15:23  High Templar  
  117  15:25  Probe  
  117  15:27  Probe  
  121  15:36  High Templar x3  
  121  15:37  High Templar  
  121  15:39  Archon  
  121  15:41  Probe  
  130  15:47  Zealot  
  132  15:50  Observer (Chrono Boost)  
  132  15:56  Oracle (Chrono Boost)  
  133  16:03  Protoss Ground Armor Level 1  
  136  16:05  Immortal (Chrono Boost)  
  136  16:07  Zealot  
  136  16:08  Zealot x4  
  148  16:11  Nexus  
  136  16:25  Zealot x6  
  129  16:28  Archon  
  129  16:29  Archon  
  129  16:30  Archon  
  129  16:34  High Templar x3  
  129  16:35  High Templar  
  129  16:38  Zealot  
  115  16:54  Zealot x5  
  108  17:01  Zealot  
  108  17:06  Immortal (Chrono Boost)  
  104  17:13  High Templar x3  
  104  17:14  High Templar  
  106  17:17  Zealot x5  
  106  17:18  Pylon  
  106  17:19  Archon x2  
  116  17:28  Probe x5  
  121  17:32  Zealot  
  123  17:40  Probe x5  
  109  17:52  Probe, Immortal (Chrono Boost)  
  109  18:04  High Templar x3  
  112  18:12  Zealot x5  
  116  18:14  Archon x2  
  116  18:15  Archon  
Tags
 
Add a new tag
Caveats
  • Supply blocks, unpowered buildings, or Contaminate may cause inaccurate times.
  • Supply counts are checked every 10 seconds.